 Dungeon Crawl Stone Soup version 0.26-a0-466-g989023bd0d (webtiles) character file.

Game seed: 8774540188808411155

28 Lanoc the Skirmisher (level 3, -2/29 HPs)
             Began as a Formicid Berserker on Aug 13, 2020.
             Was a Follower of Trog.
             Killed from afar by an orc wizard (5 damage)
             ... with a magic dart
             ... on level 3 of the Dungeon.
             The game lasted 00:00:45 (548 turns).

Lanoc the Skirmisher (Formicid Berserker)            Turns: 548, Time: 00:00:45

Health: -2/29      AC:  2    Str: 21    XL:     3   Next: 27%
Magic:  3/3        EV: 12    Int:  6    God:    Trog [*.....]
Gold:   48         SH:  0    Dex: 11    Spells: 2/2 levels left

rFire    + . .     SeeInvis +   a - +0 falchion
rCold    + . .     Faith    .   (no shield)
rNeg     . . .     Spirit   .   b - +0 animal skin
rPois    +         Reflect  .   (helmet unavailable)
rElec    +         Harm     .   (no cloak)
rCorr    +                      (no gloves)
MR       .....                  (no boots)
Stlth    +.........             (no amulet)
HPRegen  0.09/turn              (no ring)
MPRegen  0.08/turn              (no ring)

@: resistant, flying
A: permanent stasis, dig shafts and tunnels, four strong arms, antennae 3
a: Dig, Shaft Self, Renounce Religion


You were on level 3 of the Dungeon.
You worshipped Trog.
Trog was aware of your devotion.
You visited 1 branch of the dungeon, and saw 3 of its levels.

You collected 48 gold pieces.

Inventory:

Hand Weapons
 a - a +0 falchion (weapon)
Armour
 b - a +0 animal skin (worn)
Scrolls
 e - 2 scrolls of identify {unknown}
 f - a scroll of amnesia {unknown}
 g - a scroll of enchant weapon {unknown}
 h - a scroll of immolation {unknown}
 i - a scroll of remove curse {unknown}
Potions
 c - a potion of flight


   Skills:
 + Level 3.5 Fighting
 * Level 3.5 Long Blades
 + Level 2.5 Armour
 + Level 2.1 Dodging


You had 2 spell levels left.
You didn't know any spells.
Your spell library was empty.

Dungeon Overview and Level Annotations

Branches:
Dungeon (3/15)

Altars:


Innate Abilities, Weirdness & Mutations

You cannot be hasted, slowed, berserked, paralysed or teleported.
You can dig through walls and to a lower floor.
Your four strong arms can wield two-handed weapons with a shield.
You have a pair of large antennae on your head. (SInv)


Message History

* * * LOW HITPOINT WARNING * * *
You completely miss the orc wizard. The orc wizard closely misses you.
You riposte.
You closely miss the orc wizard. You closely miss the orc wizard.
The orc wizard misses you.
It was a potion of flight.
You feel very buoyant.
You fly up into the air.
The orc wizard barely misses you.
It was a potion of resistance.
You feel protected.
The orc wizard points at you and mumbles some strange words.
Your stasis prevents you from being slowed.
You slash the orc wizard!
The orc wizard is severely wounded.
The orc wizard hits you with a +0 dagger.
* * * LOW HITPOINT WARNING * * *
You barely miss the orc wizard.
The orc wizard is severely wounded.
The orc wizard gestures at you while chanting.
The magic dart hits you.
You die...

#.#####.# #.#.## ##.#.####)#
#..#.> #####.###.....#
#.#(## .......#.######
##.#.#
.#####.##############.#..##
#............?........###...
###########.##########.#..##
#)# #....# #@# ###....## #o#
######†......# #S#
#............# #.#
#.####.......# #.# ###...###
#.# #...# #.# ...## ..# ####
#.


You could see an orc wizard and a ball python.

Vanquished Creatures
  An adder (D:3)
  An ooze (D:1)
  3 orcs (D:3)
  A bat (D:3)
  A giant cockroach (D:2)
  A goblin (D:3)
  A kobold (D:2)
  4 rats
13 creatures vanquished.

Notes
Turn   | Place    | Note
-------+----------+-------------------------------------------
     0 | D:1      | Lanoc the Formicid Berserker began the quest for the Orb.
     0 | D:1      | Reached XP level 1. HP: 18/18 MP: 1/1
    21 | D:1      | Reached XP level 2. HP: 19/24 MP: 2/2
   219 | D:3      | Reached XP level 3. HP: 26/29 MP: 3/3
   412 | D:3      | Found a faded altar of an unknown god.
   548 | D:3      | Killed from afar by an orc wizard

Illustrated notes

Levels and vault maps discovered:
D:1:      dpeg_arrival_ternary, layout_basic, lemuel_flame_loot_1
D:2:      layout_loops_cross, ashenzari_conservatory_becter, old_standard_altar,
          nicolae_qazlal_general_emergency, uniq_jessica
D:3:      layout_loops_ring, chequers_ecumenical_altar_simple

Skill      XL: |  1  2 |
---------------+-------+-----
Dodging        | 2 |  2.1
Fighting       | |  3.5
Long Blades    | |  3.5
Armour         | |  2.5

Action                   || total
-------------------------++-------
Melee: Falchion          ||    35
  Use: Potion            ||     2
 Stab: Sleeping          ||     1
Armor: Animal skin       ||     4
Dodge: Dodged            ||    18
       Rpst.: Falchion   ||     9

Table legend: (Time is in decaauts)
 A = Elapsed time spent in this place.
 B = Non-inter-level travel time spent in this place.
 C = Inter-level travel time spent in this place.
 D = Time resting spent in this place.
 E = Time spent auto-exploring this place.
 F = Levels seen in this place.
 G = Mean time per level.
                   A        B        C        D        E       F      G
               +--------+--------+--------+--------+--------+-----+--------+
         Total |    552 |    535 |     17 |      0 |    454 |   3 |  184.0 |
       Dungeon |    552 |    535 |     17 |      0 |    454 |   3 |  184.0 |
               +--------+--------+--------+--------+--------+-----+--------+

Top non-repeatable levels by time:
     D:3: 338 daAuts
     D:2: 185 daAuts
     D:1: 27 daAuts
